 Dungeon Crawl Stone Soup version 0.32-a0-22-g6ae6769602 (webtiles) character file.

Game seed: 12981425639058777711

148 case the Conjurer (level 5, -1/34 (38) HPs)
             Began as a Human Reaver on Jan 18, 2024.
             Slain by Terence
             ... wielding a +0 hand axe
              (7 damage)
             ... on level 2 of the Dungeon.
             The game lasted 00:06:54 (2674 turns).

case the Conjurer (Human Reaver)                    Turns: 2674, Time: 00:06:55

HP:   -1/34 (38)    AC:  4    Str: 14    XL:     5   Next: 30%
MP:   2/8           EV: 11    Int: 14    God:
Gold: 173           SH:  0    Dex: 11    Spells: 2/8 levels left

rFire   . . .        a - +0 falchion
rCold   . . .        (no shield)
rNeg    . . .        b - +0 leather armour
rPois   +            i - +0 helmet
rElec   .            (no cloak)
rCorr   .            (no gloves)
SInv    .            (no boots)
Will    .....        (no amulet)
Stlth   +            l - ring of poison resistance
HPRegen 0.25/turn    (no ring)
MPRegen 0.11/turn

%: no passive effects
@: heavily drained
A: explore regen
a: no special abilities


You were on level 2 of the Dungeon.
You visited 1 branch of the dungeon, and saw 4 of its levels.

You collected 173 gold pieces.

Inventory:

Hand Weapons
 a - a +0 falchion (weapon)
Missiles
 p - a throwing net
Armour
 b - a +0 leather armour (worn)
 i - a +0 helmet (worn)
Jewellery
 d - a ring of flight
 e - an amulet of the acrobat
 l - a ring of poison resistance (left hand)
Scrolls
 c - a scroll of amnesia {unknown}
 f - 2 scrolls of noise
 g - 3 scrolls of teleportation {unknown}
 j - a scroll of fog {unknown}
 k - 2 scrolls of silence {unknown}
 n - 2 scrolls of identify
 o - a scroll of brand weapon {unknown}
 q - a scroll of enchant armour {unknown}
Potions
 h - a potion of brilliance {unknown}
 m - a potion of ambrosia {unknown}
 r - 2 potions of mutation {unknown}


   Skills:
 - Level 2.0 Fighting
 - Level 3.0 Long Blades
 - Level 2.0 Dodging
 - Level 2.0 Spellcasting
 + Level 4.6 Conjurations
 * Level 2.4 Summonings
 - Level 1.7 Necromancy


You had 2 spell levels left.
You knew the following spells:

 Your Spells              Type           Power      Damage    Failure   Level
a - Kiss of Death         Conj/Necr      40%        2d8       9%          1
b - Static Discharge      Conj/Air       14%        3-4/arc   17%         2
c - Call Canine Familiar  Summ           8%         N/A       32%         3

Your spell library contained the following spells:

 Spells                   Type           Power      Damage    Failure   Level
 Summon Small Mammal      Summ           32%        N/A       11%         1
 Momentum Strike          Conj/Tloc      14%        3d8       17%         2
 Hailstorm                Conj/Ice       7%         3d5       34%         3
 Summon Blazeheart Golem  Fire/Summ      4%         N/A       88%         4
 Summon Lightning Spire   Summ/Air       4%         N/A       88%         4
 Airstrike                Air            0%         2d(1-17)  96%         4


Dungeon Overview and Level Annotations

Branches:
Dungeon (4/15)
 Temple: D:4-7

Altars:
Hepliaklqana

Shops:
D:2 :   D:3 *

Annotations:
D:2 Terence
D:4 Pikel


Innate Abilities, Weirdness & Mutations

You regain HP and MP as you explore.


Message History

You hit Terence but do no damage.
Terence is moderately wounded.
Terence hits you with a +0 hand axe.
You barely miss Terence.
Terence is moderately wounded.
Terence hits you with a +0 hand axe. x2
You hit Terence.
Terence is moderately wounded.
Terence hits you with a +0 hand axe.
Casting: Static Discharge (safe; 17% risk of failure)
Confirm with . or Enter, or press ? or * to list all spells.
Terence is struck by an arc of lightning.
Terence is heavily wounded.
You are struck by an arc of lightning.
The lightning grounds out.
Terence closely misses you.
Casting: Static Discharge (safe; 17% risk of failure)
Confirm with . or Enter, or press ? or * to list all spells.
Terence is struck by an arc of lightning.
You are struck by an arc of lightning.
The lightning grounds out.
Terence hits you with a +0 hand axe.
* * * LOW HITPOINT WARNING * * *
Terence attacks as he pursues you! Terence hits you with a +0 hand axe.
* * * LOW HITPOINT WARNING * * *
Okay, then.
You feel better. Terence completely misses you.
You hit Terence but do no damage.
Terence is heavily wounded.
Terence hits you but does no damage.
You hit Terence but do no damage.
Terence is heavily wounded.
Terence hits you with a +0 hand axe!
* * * LOW HITPOINT WARNING * * *
Terence attacks as he pursues you! Terence hits you with a +0 hand axe.
* * * LOW HITPOINT WARNING * * *
Terence shouts, "Get ready for death!"
Terence attacks as he pursues you! Terence hits you with a +0 hand axe.
* * * LOW HITPOINT WARNING * * *
Terence attacks as he pursues you! Terence hits you with a +0 hand axe!
You die...
Terence says, "Rest in peace."

.#######...........###
................#.....
###############.##......†.###
...................###....#
##########.....###.#..###.##.#
$..........###.# #.#.........#
#########..# #.#
#.#...##.###### #..#
#@###.#...##.####.. #..#
#.@.............#.#
#..###.###........####.#
#..................# #.#
#..###.........#######.#
#......................#
##.###.........#######.#
#.#.......##..# #.#
#.###.######..# ###
########.######..#


You could see Terence.

Vanquished Creatures
  A bombardier beetle (D:3)
  4 adders
  2 dart slugs
  A ribbon worm (D:3)
  An orc (D:3)
  3 ball pythons
  6 endoplasms
  2 giant cockroaches
  5 goblins
  7 hobgoblins
  13 jackals
  A quokka (D:2)
  4 bats
  3 frilled lizards
  5 kobolds
  8 rats
  A spectral orc (D:3)
67 creatures vanquished.

Notes
Turn   | Place    | Note
-------+----------+-------------------------------------------
     0 | D:1      | case the Human Reaver began the quest for the Orb.
     0 | D:1      | Reached XP level 1. HP: 16/16 MP: 3/3
    69 | D:1      | Reached XP level 2. HP: 9/22 MP: 5/5
   179 | D:1      | Reached skill level 1 in Necromancy
   382 | D:1      | Reached XP level 3. HP: 3/14 MP: 6/6
   853 | D:2      | Reached skill level 4 in Conjurations
   916 | D:2      | Found Raozaloi's Book Shop.
  1007 | D:2      | Noticed a golden eye
  1011 | D:2      | Noticed a golden eye
  1012 | D:2      | Found a faded altar of an unknown god.
  1018 | D:2      | Noticed a glass eye
  1026 | D:2      | Learned a level 2 spell: Static Discharge
  1036 | D:2      | You fall into a shaft and drop 1 floor!
  1061 | D:3      | Learned a level 3 spell: Call Canine Familiar
  1254 | D:3      | Reached XP level 4. HP: 13/26 MP: 4/7
  1466 | D:3      | Found Bopsof's General Store.
  1605 | D:3      | Reached skill level 1 in Summonings
  1763 | D:3      | Found a hazy altar of Hepliaklqana.
  1861 | D:3      | Reached XP level 5. HP: 32/34 MP: 8/8
  2156 | D:4      | Noticed a lemure
  2157 | D:4      | Noticed Pikel
  2158 | D:4      | Noticed a lemure
  2397 | D:2      | Noticed a golden eye
  2651 | D:2      | Noticed Terence
  2674 | D:2      | Slain by Terence

Illustrated notes

Levels and vault maps discovered:
D:1:      lightli_arrival_boilingwater, layout_loops_cross
D:2:      layout_basic, hellmonk_ecumenical_altar_watching_god, serial_shops,
          nicolae_book_shop_shelving, minmay_tripent, uniq_terence
D:3:      layout_basic, nicolae_hepliaklqana_monster_ancestors, serial_shops,
          shop
D:4:      layout_basic, uniq_pikel

Skill      XL: |  1  2  3  4  5 |
---------------+----------------+-----
Necromancy     | 1 |  1.7
Conjurations   | 4 |  4.6
Summonings     | 1 2 |  2.4
Fighting       | |  2.0
Long Blades    | |  3.0
Dodging        | |  2.0
Spellcasting   | |  2.0

Action                     |  1- 3 |  4- 6 || total
---------------------------+-------+-------++-------
  Melee: Falchion          |   133 |   106 ||   239
         Punch             |       |     1 ||     1
   Cast: Kiss of Death     |     4 |       ||     4
         Static Discharge  |     1 |     4 ||     5
    Use: Potion            |     2 |     1 ||     3
         Scroll            |     2 |       ||     2
   Stab: Sleeping          |       |     1 ||     1
 Armour: Leather armour    |   109 |    75 ||   184
  Dodge: Dodged            |   105 |    68 ||   173

Table legend: (Time is in decaauts)
 A = Elapsed time spent in this place.
 B = Non-inter-level travel time spent in this place.
 C = Inter-level travel time spent in this place.
 D = Time resting spent in this place.
 E = Time spent auto-exploring this place.
 F = Levels seen in this place.
 G = Mean time per level.
                   A        B        C        D        E       F      G
               +--------+--------+--------+--------+--------+-----+--------+
         Total |   2718 |   2600 |    118 |    124 |   1819 |   4 |  679.5 |
       Dungeon |   2718 |   2600 |    118 |    124 |   1819 |   4 |  679.5 |
               +--------+--------+--------+--------+--------+-----+--------+

Top non-repeatable levels by time:
     D:3: 1118 daAuts
     D:1: 897 daAuts
     D:2: 555 daAuts
     D:4: 147 daAuts
